[Event "Krakow Championship-A 2022"]
[Site "Krakow"]
[Date "2022.06.27"]
[Round "4.2"]
[White "Piekielny, Pawel"]
[Black "Nurkiewicz, Maciej"]
[Result "0-1"]
[ECO "B90"]
[WhiteElo "2230"]
[BlackElo "2332"]
[Annotator "TA"]
[PlyCount "120"]
[EventDate "2022.06.25"]
[EventType "swiss"]
[EventCountry "POL"]
[SourceTitle "playchess.com"]
[Source "ChessBase"]
[SourceQuality "1"]
[TimeControl "40/5400+30:1800+30"]

1. e4 c5 2. Nf3 d6 3. d4 cxd4 4. Nxd4 Nf6 5. Nc3 a6 6. Be3 e5 7. Nde2 {[%emt 0:00:09] B90: Sicilian Najdorf: Unusual White 6th moves, 6 Be3 Ng4 and 6 Be3 e5.} Be7 8. Ng3 Be6 9. Be2 {[%emt 0:06:12] The position is equal.} O-O 10. Bf3 {[%emt 0:00:21] [#]} Qc7 $146 ({Predecessor:} 10... Nbd7 11. Nf5 Bxf5 12. exf5 Re8 13. g4 h6 14. h4 Nh7 15. Bxb7 Rb8 16. Bc6 Rxb2 {½-½ (58) Lindberg,B (2443)-Blomqvist,E (2313) Taby 2007}) 11. Qd2 Rd8 12. O-O g6 13. Rfd1 Nbd7 14. a4 Nb6 15. b3 {[%emt 0:08:32] Inhibits Nc4.} Rac8 16. a5 Qxc3 17. Bxb6 Rd7 18. Qxc3 Rxc3 19. Rac1 d5 20. Ne2 (20. exd5 $1 $11 {keeps the balance.} Nxd5 21. Bxd5 Rxd5 22. Rxd5 Bxd5 23. Ne2) 20... Rc6 $17 {[%emt 0:00:58] Black is more active.} 21. exd5 Bxd5 22. c4 Bxf3 (22... e4 $5 23. Nc3 exf3 24. Nxd5 Nxd5 25. cxd5 Rxd5 $1 $15) 23. gxf3 Bb4 24. Ng3 Rcd6 25. Rxd6 Rxd6 26. Ne4 Nxe4 27. fxe4 $15 {[%emt 0:00:02][%mdl 4096] Endgame KRB-KRB} Rd3 28. c5 Rxb3 29. Rd1 Bc3 30. Rd7 Bd4 31. Rxb7 (31. Kg2 $17 {was called for.}) 31... Bxc5 $1 $19 32. Rb8+ Kg7 33. Re8 Bxb6 34. axb6 Rxb6 {[%emt 0:00:24] Hoping for ...a5.} 35. Rxe5 {[%emt 0:00:03] KR-KR} Re6 36. Ra5 Kf6 37. Kg2 Ke7 38. Kf3 Kd7 39. e5 {[%emt 0:02:56] [#]} (39. Ra1 $17 {was worth a try.}) 39... f6 $1 40. exf6 Rxf6+ 41. Kg3 {[%emt 0:34:37] [#]} Kc7 $1 42. Ra1 Kb6 43. Rb1+ Ka7 44. Re1 Rf7 {[%emt 0:00:00] Inhibits Re7+.} (44... Rb6 $19 {White must now prevent ...a5.} 45. Re5 Rb5 46. Re7+ Rb7) 45. Re5 $2 (45. h4 $15) 45... Kb6 {[%emt 0:00:00] Threatens to win with ...a5.} 46. Re6+ Kb5 47. Re5+ Kc4 48. h4 $2 (48. Re4+ Kd5 49. Ra4) 48... Ra7 49. h5 gxh5 $2 (49... a5 $19 50. hxg6 hxg6 51. Re4+ Kc3 52. Re3+ Kd2) 50. f4 $1 $11 a5 51. f5 $1 Kd4 52. Re1 Kd5 {[%emt 0:00:00][%cal Oh5h4] ...h4+! is the strong threat.} 53. Kf4 $2 (53. f6 $11) 53... a4 $19 {[%emt 0:00:00] Strongly threatening ...a3.} 54. Re5+ Kd6 55. Re6+ Kd7 {[%emt 0:00:00] ( -> ...a3)} 56. Re1 a3 57. f6 Kd6 58. Kf5 a2 59. Rd1+ Kc5 (59... Kc6 $142 60. Ra1 Kd7 61. Kg5 Ke6 62. f7 Kxf7 63. Kf4 Ra3 64. Kg5 h4 65. Kxh4 Kf6 66. Kh5 Ra4 67. Rf1+ Ke5 68. Ra1 Ra6 69. Kg4 Kd4 70. Kh4 Kc3 71. Kh3 Kb2 72. Rd1 a1=Q 73. Rxa1 Rxa1 74. Kg4 Ra5 75. Kh4 Kc3 76. Kg3 h5 77. Kg2 Kd2 78. Kf3 Ra4 79. Kf2 Ra3 80. Kg1 Ke3 81. Kf1 Ra2 82. Kg1 Kf3 83. Kh1 Kg3 84. Kg1 Ra1#) 60. Ra1 Kd5 {[%emt 0:02:46] Weighted Error Value: White=0.67/Black=0.22 (precise)} 0-1

[Event "Krakow Championship-A 2022"]
[Site "Krakow"]
[Date "2022.06.27"]
[Round "4.3"]
[White "Fus, Jakub"]
[Black "Pechac, Jergus"]
[Result "1/2-1/2"]
[ECO "C67"]
[WhiteElo "2378"]
[BlackElo "2597"]
[Annotator "TA"]
[PlyCount "60"]
[EventDate "2022.06.25"]
[EventType "swiss"]
[EventCountry "POL"]
[SourceTitle "playchess.com"]
[Source "ChessBase"]
[SourceQuality "1"]
[TimeControl "40/5400+30:1800+30"]

1. e4 e5 2. Nf3 Nc6 3. Bb5 Nf6 4. O-O Nxe4 5. Re1 Nd6 6. Nxe5 Be7 7. Bf1 Nxe5 8. Rxe5 O-O 9. d4 Bf6 10. Re1 Re8 {[%emt 0:00:06] C67: Ruy Lopez: Berlin Defence: 4 0-0 Nxe4.} 11. Bf4 Rxe1 12. Qxe1 Ne8 13. c3 d5 14. Bd3 g6 {[%emt 0:00:08] The position is equal.} 15. Nd2 Ng7 16. Nf3 Bf5 17. Bxf5 Nxf5 18. Qe2 c6 {[%emt 0:00:09] Inhibits Qb5.} 19. Re1 {[%emt 0:00:26] [#]} h5 $146 ({Predecessor:} 19... Ng7 20. Be5 Bxe5 21. Nxe5 Qd6 22. Qf3 f6 23. Ng4 Re8 24. Re5 Kf7 25. Nh6+ Kf8 26. Ng4 Kf7 27. Nh6+ Kf8 28. Ng4 Kf7 {½-½ (28) Wang,H (2744)-So,W (2776) Stavanger 2022}) 20. Be5 a5 21. a4 Nd6 22. Bxf6 Qxf6 23. Qe7 Qxe7 24. Rxe7 $11 {[%emt 0:00:05][%mdl 4096] Endgame KRN-KRN} Rd8 {[%emt 0:00:26] Prevents Rd7.} 25. Ne5 Kf8 26. Rc7 Ke8 {[%emt 0:00:11] Prevents Nd7.} 27. Kf1 Rc8 28. Rd7 Rd8 29. Rc7 Rc8 30. Rd7 Rd8 {[%emt 0:00:05] Not much happened in this game.  Weighted Error Value: White=0.02 (flawless) /Black=0.01 (flawless)} 1/2-1/2

[Event "Krakow Championship-A 2022"]
[Site "Krakow"]
[Date "2022.06.27"]
[Round "4.4"]
[White "Rozentalis, Eduardas"]
[Black "Murphy, Conor E"]
[Result "1/2-1/2"]
[ECO "B40"]
[WhiteElo "2523"]
[BlackElo "2395"]
[Annotator "TA"]
[PlyCount "40"]
[EventDate "2022.06.25"]
[EventType "swiss"]
[EventCountry "POL"]
[SourceTitle "playchess.com"]
[Source "ChessBase"]
[SourceQuality "1"]
[TimeControl "40/5400+30:1800+30"]

1. e4 c5 2. Nf3 e6 3. c3 d5 4. exd5 Qxd5 5. d4 Nf6 6. Be3 cxd4 7. cxd4 Bb4+ 8. Nc3 {[%emt 0:02:15] B22: Sicilian: 2 c3.} Qa5 9. Bd2 {[%emt 0:02:37] is the legacy move (9.Qb3).} O-O 10. Bd3 {[%emt 0:02:41] The position is equal.} Nc6 11. O-O Rd8 12. a3 Bxc3 13. Bxc3 {[%emt 0:00:58] [#]} Qh5 $146 ({Predecessor:} 13... Qc7 14. Rc1 Nd5 15. Bd2 Qb6 16. Qc2 Nxd4 17. Nxd4 Qxd4 18. Bxh7+ Kh8 19. Rfd1 Qh4 {1-0 (52) Alekseev,E (2497)-Miroshnikov,E Korolev 2000}) 14. Re1 b6 15. Qd2 Bb7 16. Rad1 Rac8 17. h3 h6 18. Qf4 Nd5 (18... Ne7 $5 19. Ne5 Nfd5 $15) 19. Qe4 {[%emt 0:02:46] [#] aiming for Qh7+.} Nf6 {[%emt 0:01:37] Inhibits Qh7+. Pair of Knights!} 20. Qf4 Nd5 {[%emt 0:02:07] Weighted Error Value: White=0.03 (flawless) /Black=0.03 (flawless)} ({Black should play} 20... Ne7 $15 21. Re5 Nfd5) 1/2-1/2

[Event "Krakow Championship-A 2022"]
[Site "Krakow"]
[Date "2022.06.27"]
[Round "4.5"]
[White "Seemann, Jakub"]
[Black "Zwardon, Vojtech"]
[Result "0-1"]
[ECO "B07"]
[WhiteElo "2363"]
[BlackElo "2482"]
[Annotator "TA"]
[PlyCount "140"]
[EventDate "2022.06.25"]
[EventType "swiss"]
[EventCountry "POL"]
[SourceTitle "playchess.com"]
[Source "ChessBase"]
[SourceQuality "1"]
[TimeControl "40/5400+30:1800+30"]

1. e4 d6 2. d4 Nf6 3. Nc3 e5 4. Nge2 Nbd7 5. g3 g6 6. Bg2 Bg7 7. O-O O-O 8. h3 c6 9. a4 Qc7 10. Be3 Re8 11. g4 {[%emt 0:01:25] B07: Pirc Defence: Miscellaneous Systems.} exd4 12. Bxd4 (12. Nxd4 Nc5 $11) 12... Nc5 13. Ng3 {[%emt 0:03:44] White is slightly better.} Ne6 14. Be3 d5 15. exd5 Rd8 16. Nge2 Nxd5 17. Nxd5 cxd5 18. c3 {[%emt 0:11:17] Against d4} b6 $1 19. Nd4 {[%emt 0:01:03] [#]} (19. Bxd5 Bb7 20. c4 Bxb2 $15) 19... Nf4 $146 ({Predecessor:} 19... Ba6 20. Nxe6 fxe6 21. Re1 Bb7 22. Bg5 Re8 23. Qd2 Qc4 24. Bf1 Qc5 25. Be3 Qc7 {½-½ (75) Kallio,H (2240)-Kiik,K (2380) Jyvaskyla 1997}) 20. Qd2 Nxg2 21. Kxg2 Bb7 22. Rfe1 Re8 23. f3 Qd7 24. a5 bxa5 25. Rxa5 h5 26. Raa1 a5 27. Bh6 Rxe1 28. Rxe1 Bh8 29. Qe3 (29. gxh5 {feels hotter.} Bc8 30. Kf2 Ra6 31. h4) 29... hxg4 (29... a4 $11) 30. hxg4 $16 {[%emt 0:00:08][%cal Od4f5] Hoping for Nf5!} (30. fxg4 a4 $11) 30... a4 $2 {[%emt 0:00:16] [#]} (30... Bc6 $16) 31. Bf4 $2 (31. Nf5 $1 $18 {[%cal Rf5e7][%mdl 512] Strongly threatening Ne7+.} Bf6 32. Bg5) 31... Bg7 32. Kg3 (32. Bg5 $5 ) 32... Bc6 33. Rh1 ({Much worse is} 33. Nxc6 Qxc6 34. Rd1 Re8 $11) 33... Re8 34. Qd2 {[%emt 0:00:08] Threatens to win with Qh2.} f6 35. Qd3 Kf7 36. Rh7 (36. Qa6 $14 Bb7 37. Qb6) 36... Rh8 37. Rxh8 Bxh8 38. Qa6 Bb7 39. Qb6 Bg7 40. Bd6 Bh6 41. Bc7 Bc8 42. Nb5 Bf8 43. Kf2 Qe6 44. Bd6 Bd7 45. Qc7 Bh6 {[%emt 0:00:00] White must now prevent ...Qe3+.} 46. Bc5 {[%emt 0:00:00] Inhibits Qe3+.} Qc6 47. Nd6+ Ke6 48. Qa7 Bf4 $132 {[%emt 0:00:00][%mdl 2048] Black puts up resistance. Chess con chili.} 49. Nb7 {[%emt 0:00:00] Nd8+ would kill now.} ({Avoid the trap} 49. Ne8 $2 Kf7 50. Nxf6 Kxf6 $19) 49... Bc7 {[%emt 0:00:00] Against Nd8+} (49... Qb5 $2 {gets mated.} 50. Nd8+ Ke5 51. Qc7#) 50. Bd4 Ke7 51. Kg2 Qb5 52. Bf2 Bc6 53. Qe3+ Be5 {[%emt 0:00:00] A strong pair of Bishops.} 54. Nc5 Qxb2 55. Nd3 Qxc3 56. Qa7+ Ke8 57. Bc5 Qc2+ $17 58. Nf2 (58. Kg1 $17 {keeps fighting.} Qh2+ 59. Kf1) 58... Kd8 $1 $19 59. g5 $2 (59. Qe7+ {was worth a try.} Kc8 60. Bd6 Bxd6 61. Qxd6) 59... Qf5 $2 (59... fxg5 $19 60. Qe7+ Kc8 61. Qf8+ Kb7 62. Qf7+ Bc7) 60. Ng4 $2 ({White should try} 60. gxf6 $1 $15 Qxf6 61. Ng4) 60... Qxg5 (60... d4 $1 $19 61. Qe7+ Kc8 62. Qf8+ Kb7 63. Nxe5 Qxg5+ 64. Kf2 Qd2+ 65. Kg3 Qe1+ 66. Kg2 Qe2+ 67. Kg1 Qxe5 68. Qe7+ Ka6 69. Qa7+ Kb5 70. Bxd4 Qg3+ 71. Kf1 Qxf3+ 72. Ke1 Qg3+ 73. Ke2 Bf3+ 74. Kd3 Bd5+ 75. Be3 Qd6) 61. Bb6+ (61. Qe7+ $17 Kc8 62. Qf8+ Kb7 63. Be3) 61... Kc8 $1 62. Qa6+ Kd7 63. Qa7+ Ke6 64. Qg7 {[%emt 0:02:21] [#]} (64. Be3 $142 Qf5 65. Qc5) 64... d4 $2 (64... Qd2+ $1 $19 65. Bf2 Bd4) 65. Qg8+ $11 Ke7 66. Bc5+ $2 {[%emt 0:00:39][%mdl 8192] [#]} (66. Qg7+ $11 Ke6 67. Qg8+ Kd6 68. Qf8+ Ke6 69. Qg8+) 66... Kd7 $1 67. Qf7+ Kc8 68. Qe6+ Kb7 {[%emt 0:00:11] ( -> ...Bc7)} 69. Kh3 Qf5 (69... Bc7 $142 70. Qe2 Qxc5 71. Kg2 Qf5 72. Kf2 d3 73. Qd1 a3 74. Kg1 Qxf3 75. Qxf3 Bxf3 76. Nh2 d2 77. Nxf3 d1=Q+ 78. Kf2 a2 79. Ng1 a1=Q 80. Ne2 Qe5 81. Kg2 Qexe2+ 82. Kh3 Qh2#) 70. Qe7+ Qd7 {[%emt 0:00:22] Never resign too early!  Weighted Error Value: White=0.30/Black=0.29 (precise)} 0-1

[Event "Krakow Championship-A 2022"]
[Site "Krakow"]
[Date "2022.06.27"]
[Round "4.6"]
[White "Leniart, Arkadiusz"]
[Black "Rudolf, Michal"]
[Result "0-1"]
[ECO "B10"]
[WhiteElo "2473"]
[BlackElo "2361"]
[Annotator "TA"]
[PlyCount "76"]
[EventDate "2022.06.25"]
[EventType "swiss"]
[EventCountry "POL"]
[SourceTitle "playchess.com"]
[Source "ChessBase"]
[SourceQuality "1"]
[TimeControl "40/5400+30:1800+30"]

1. e4 c6 2. Nf3 d5 3. d3 dxe4 4. dxe4 Qxd1+ 5. Kxd1 Nd7 6. Nbd2 {[%emt 0:20:44] B10: Caro-Kann: 2 d3 and 2 c4.} Ngf6 7. Ne1 Ng4 {[%emt 0:04:13] [#]} 8. Ke2 $146 {[%emt 0:01:23] The position is equal.} ({Predecessor:} 8. Nd3 g6 9. Nc4 Bg7 10. Bf4 Nb6 11. Nxb6 axb6 12. f3 Nf6 13. c3 Be6 14. Kc2 {½-½ (70) Rozum,I (2546)-Kukhmazov,A (2442) Moscow 2021}) 8... b6 9. f3 Ba6+ 10. c4 (10. Nd3 $5 Nge5 11. Kf2 Nxd3+ 12. Bxd3 Bxd3 13. cxd3 $11) 10... Nge5 11. Kf2 g5 12. b4 Bg7 {[%emt 0:03:27][%cal Oe5g4] aiming for ...Ng4+!} 13. Rb1 c5 14. a3 cxb4 15. axb4 Rc8 16. b5 Bb7 17. h4 gxh4 18. Bb2 ({White should play} 18. Rxh4 $11 Ng6 19. Rh1) 18... O-O {[%emt 0:00:44] Black is more active.} ({Better is} 18... Nc5 $15 19. Rxh4 Rd8 20. Bxe5 Bxe5) 19. Rxh4 Rfd8 20. Ke3 Ng6 21. Rh1 e5 22. Nd3 Bf6 23. g3 Nc5 (23... a6 $11) 24. Rh5 $14 Nxd3 25. Bxd3 Rd7 26. Be2 Be7 {[%emt 0:06:16] ...Bc5+ is the strong threat.} 27. Nb3 a5 {[%emt 0:00:52] [#]} (27... a6 $14) 28. bxa6 (28. Ra1 $1 $16) 28... Bxa6 $11 29. f4 (29. Bxe5 $11 Rc5 30. f4 Nxe5 31. Rxe5 Rxe5 32. fxe5) 29... Bxc4 (29... Rxc4 $5 30. f5 Rxe4+ 31. Kxe4 Bxe2 $15) 30. Bxc4 exf4+ 31. gxf4 Rxc4 32. f5 Rb4 33. Bc3 Rb5 34. e5 $2 (34. Bd4 $11) 34... Nxe5 $19 {[%emt 0:01:40] And now ...Rd3+ would win.} 35. Rg1+ Kf8 36. Rxh7 (36. Ke4 {was worth a try.} Bf6 37. Rh6) 36... Bg5+ $2 (36... Bf6 $19 {has better winning chances.} 37. Nd4 Rc5) 37. Ke4 Rxb3 {[%emt 0:00:42] The board is on fire.} 38. Bxe5 ({Wrong is} 38. Rh8+ $2 Ke7 39. Rc8 {[#]} Bf6 $1 $19) (38. Rxg5 $17 Rxc3 39. f6) 38... Re3# {Weighted Error Value: White=0.47/Black=0.26 (precise)} 0-1

[Event "Krakow Championship-A 2022"]
[Site "Krakow"]
[Date "2022.06.27"]
[Round "4.7"]
[White "Holtel, Jasper"]
[Black "Kozak, Antoni"]
[Result "1-0"]
[ECO "A37"]
[WhiteElo "2347"]
[BlackElo "2459"]
[Annotator "TA"]
[PlyCount "95"]
[EventDate "2022.06.25"]
[EventType "swiss"]
[EventCountry "POL"]
[SourceTitle "playchess.com"]
[Source "ChessBase"]
[SourceQuality "1"]
[TimeControl "40/5400+30:1800+30"]

1. Nf3 c5 2. g3 Nc6 3. Bg2 g6 4. c4 Bg7 5. Nc3 e6 6. d4 cxd4 7. Nb5 d5 8. cxd5 Qa5+ 9. Nd2 exd5 {[%emt 0:00:06] A37: Symmetrical English vs ...g6: 4 Bg2 Bg7 5 Nf3.} 10. Nd6+ Kf8 11. Nxc8 (11. O-O {seems wilder.} Nf6 12. Nb3 Qb6 13. a4) 11... Rxc8 {[%emt 0:00:14] The position is equal.} 12. O-O Nge7 13. Nb3 Qb6 14. e3 {[%emt 0:02:54] [#]} dxe3 $146 ({Predecessor:} 14... Bf6 15. exd4 Kg7 16. Be3 Rcd8 17. g4 h6 18. f4 Kh7 19. Qd2 Qb4 20. Qf2 Rhe8 {0-1 (47) Ding,L (2805)-So,W (2754) Abidjan 2019}) 15. Bxe3 d4 16. Bf4 Rd8 17. Rc1 h6 (17... d3 18. Re1) 18. Qf3 {[%emt 0:13:02][%mdl 1024] White has compensation.} Kg8 19. Rfe1 Nd5 20. Bd2 Bf8 {[%emt 0:07:29] Prevents Rc5.} (20... d3 $11) 21. h4 $1 $16 a5 (21... Bb4 $16 {was necessary.}) 22. h5 $18 g5 23. Nxa5 Nxa5 $11 24. Qf5 Nb4 25. f4 (25. Bxb4 $11 {keeps the balance.} Bxb4 26. Re5) 25... Rh7 (25... d3+ $17 26. Kh1 Qf2 27. Bxb4 (27. Qxa5 $2 b6 $19) 27... Bxb4) 26. Be4 {[%emt 0:05:24][%csl Ge4][%cal Rf5h7] A strong pair of Bishops.} Rg7 {[%emt 0:00:06] Threatens to win with ...d3+.} 27. fxg5 hxg5 28. h6 $40 {[%emt 0:00:58][%mdl 128] White has some attack.} Rg6 (28... Qxh6 $11 {and Black stays safe.} 29. Qxa5 b6) 29. h7+ $2 (29. Rf1 $18 Qe6 30. Qxa5) 29... Kh8 {[%emt 0:00:04] Hoping for ...Rf6.} 30. Qxf7 (30. Rc8 $1 $11 d3+ 31. Kg2) 30... Rg7 $19 31. Qf5 {[%emt 0:00:16] [#] Black must now prevent Rf1.} Nac6 $1 {[%emt 0:01:19] Strongly threatening ...d3+.} 32. Rf1 {[%emt 0:01:20] [#] White threatens Qxf8+ and mate.} Be7 {[%emt 0:00:35] aiming for ...d3+.} 33. Kg2 (33. Rf2 $142) 33... Na6 $2 (33... Nxa2 $19 34. Rxc6 bxc6) 34. b4 (34. Bxc6 $5 bxc6 35. Ba5 Qxb2+ 36. Rc2 $11) 34... Nc7 {[%emt 0:01:20] Against b5} (34... Bxb4 35. Bxg5 Qc7 36. Bf6 $16) (34... Ncxb4 35. Rc8 Qd6 36. Bxb7 $16) 35. a4 $1 Nxb4 $2 (35... Bxb4 36. Bxg5 Na6 37. Bf6 $18) (35... Re8 $11 {and Black has nothing to worry.} 36. a5 Qb5 37. Qxb5 Nxb5) 36. a5 $18 Qd6 {[%emt 0:00:32] ...Nbd5 is the strong threat.} 37. Bxb4 {[%emt 0:00:20][%mdl 64] Deflection} Qxb4 38. Rxc7 {[%emt 0:00:16] Rc8 would kill now. The board is on fire.} g4 $2 (38... d3 $18 39. Rxb7 (39. Qe5 Qd6 $16) 39... Qd6) 39. Rc8 {[%emt 0:00:31] White mates.} ({Not} 39. Qe5 Qd6 40. Qxd6 Bxd6 41. Rxg7 (41. Rxb7 Rxb7 42. Bxb7 d3 $14) 41... Kxg7 $16) 39... Qd6 40. Rxd8+ Qxd8 41. Rc1 Rg5 42. Qe6 Bc5 43. Bf5 b6 44. Qe5+ Rg7 45. axb6 d3 46. b7 Bg1 47. Rc8 Bh2 48. Rxd8# {Never resign too early!  Weighted Error Value: White=0.26 (precise) /Black=0.67} 1-0

[Event "Krakow Championship-A 2022"]
[Site "Krakow"]
[Date "2022.06.27"]
[Round "4.8"]
[White "Skytte, Rasmus"]
[Black "Nguyen, Piotr"]
[Result "0-1"]
[ECO "C47"]
[WhiteElo "2357"]
[BlackElo "2402"]
[Annotator "TA"]
[PlyCount "198"]
[EventDate "2022.06.25"]
[EventType "swiss"]
[EventCountry "POL"]
[SourceTitle "playchess.com"]
[Source "ChessBase"]
[SourceQuality "1"]
[TimeControl "40/5400+30:1800+30"]

1. e4 e5 2. Nc3 Nc6 3. Nf3 Nf6 4. g3 Bc5 5. Bg2 d6 6. d3 a5 7. h3 O-O 8. O-O h6 9. Nh4 Nd4 10. Ne2 d5 11. Nxd4 Bxd4 12. c3 Bb6 13. Qf3 (13. exd5 $11 Nxd5 14. Re1) 13... c6 $15 14. Re1 Re8 15. Nf5 Bxf5 16. Qxf5 dxe4 17. dxe4 Re6 18. Qf3 Rd6 19. Bf1 Qc7 20. Be3 Rad8 21. Bc4 a4 22. b3 a3 23. b4 (23. Bxb6 $15 Qxb6 24. Rad1) 23... Bxe3 $17 24. Rxe3 Rd2 25. Rd3 $2 (25. Rae1 $15) 25... R8xd3 $1 $19 26. Bxd3 Qd7 27. Bf1 Qe6 28. c4 Qd6 $1 29. Qxa3 Nxe4 30. Re1 Nxf2 31. Qe3 Rxa2 ({And not} 31... Qxb4 32. Re2 Nxh3+ 33. Bxh3 Rxe2 34. Qxe2 $11) (31... e4 $19 32. c5 Qd5) 32. Qxe5 $15 Qg6 ({Don't do} 32... Qxb4 33. Re2 Rxe2 34. Qxe2 $14) (32... Qxe5 $15 33. Rxe5 Kf8) 33. g4 $2 {[%emt 0:01:01] [#]} (33. Re3 $11) 33... Kh7 $2 (33... Nxg4 $1 $19 34. Qb8+ (34. hxg4 $2 Qxg4+ 35. Kh1 Qh4+ 36. Kg1 Qf2+ 37. Kh1 Rd2 $19) 34... Kh7) 34. Re3 $11 Rd2 35. Rf3 Nd1 {[%emt 0:01:04] [#]} (35... Ne4 $11) 36. Qf4 (36. c5 $1 $16) 36... Rd7 $11 37. c5 Nb2 38. b5 Qc2 39. Qf5+ Qxf5 40. Rxf5 g6 41. bxc6 bxc6 42. Rf6 Rc7 43. Rf4 Kg7 44. Rb4 Nd1 45. Rb3 Re7 46. Bg2 Re1+ 47. Kh2 Re6 48. Kg3 Ne3 49. Bxc6 Nf1+ 50. Kf2 Rxc6 51. Kxf1 Rxc5 52. Kg2 Kf6 53. Kg3 Rd5 54. Re3 Rd4 55. Rf3+ Ke6 56. Re3+ Kd5 57. Rf3 Ke6 58. Re3+ Kf6 59. Rf3+ Kg7 60. Ra3 h5 61. Rb3 Kh6 62. Ra3 f6 63. Rb3 Rd1 64. Rb5 (64. Rb6 $1 $15) 64... Rd3+ $17 65. Kg2 Rd2+ (65... h4 $17 66. Ra5 Rd2+ 67. Kg1 Rc2) 66. Kg3 $1 $15 Rd3+ (66... Rd6 $15) 67. Kg2 $17 h4 68. Ra5 Rd2+ 69. Kg1 Re2 70. Rb5 Re5 71. Rb2 Rd5 72. Kg2 Rd7 73. Rb5 Rd2+ 74. Kg1 Rd7 75. Kg2 $1 Kg7 (75... Rd1 $17 76. Kf2 Rd3) 76. Rb2 ({White should try} 76. g5 $1 $15) 76... Kf7 77. Re2 Re7 78. Ra2 Re3 79. Ra6 Ke7 80. Rb6 Rd3 81. Ra6 Rd6 82. Ra2 Ke6 83. Re2+ Kd5 (83... Kf7 $17 84. Re3 Kg7) 84. Kf3 (84. g5 $1 $11) 84... Kc4 (84... Ra6 $17 85. Rd2+ Ke6) 85. Rc2+ Kd3 86. Ra2 (86. Rc1 $5 Kd4 87. g5 $15) 86... Rc6 87. g5 f5 88. Ra4 Rc1 89. Rxh4 Rf1+ 90. Kg2 Ke2 91. Ra4 Rf2+ 92. Kg3 Rf3+ 93. Kg2 Rd3 94. Rf4 Rd1 95. Ra4 Ke3 96. h4 f4 97. Ra3+ Ke4 98. Rb3 $1 Rd2+ 99. Kg1 $2 (99. Kh3 $11) 99... Kf5 (99... f3 $142 100. h5 Kf4 101. Kf1 Kg3 102. Ke1 Re2+ 103. Kd1 gxh5 104. g6 Re7 105. Kc2 h4 106. Kd2 h3 107. Kd3 f2 108. Kd2+ Kg2 109. g7 Rxg7 110. Kc3 f1=Q 111. Kb4 Qc1 112. Rc3 Rg4+ 113. Kb3 Qb1+ 114. Ka3 Qb4+ 115. Ka2 Qxc3 116. Kb1 Rb4+ 117. Ka2 Qb2#) 0-1

[Event "Krakow Championship-A 2022"]
[Site "Krakow"]
[Date "2022.06.27"]
[Round "4.9"]
[White "Romanishin, Oleg M"]
[Black "Lye, Lik Zang"]
[Result "1-0"]
[ECO "A06"]
[WhiteElo "2400"]
[BlackElo "2358"]
[Annotator "TA"]
[PlyCount "111"]
[EventDate "2022.06.25"]
[EventType "swiss"]
[EventCountry "POL"]
[SourceTitle "playchess.com"]
[Source "ChessBase"]
[SourceQuality "1"]
[TimeControl "40/5400+30:1800+30"]

1. Nf3 d5 2. g3 c6 3. Bg2 Bg4 4. c4 e6 5. Qb3 Qb6 6. d3 {[%emt 0:00:08] A11: English Opening: 1...c6.} Nd7 7. Be3 Bc5 8. Bxc5 {[%emt 0:00:11] The position is equal.} Nxc5 9. Qc3 Nf6 10. Nbd2 {[%emt 0:01:14] [#]} a5 $146 ({Predecessor:} 10... Bxf3 11. Bxf3 O-O 12. O-O a5 13. Rac1 Ncd7 14. d4 a4 15. e3 Qa5 16. Qc2 h6 {½-½ (28) Romanishin,O (2451)-Vaganian,R (2526) Platja d'Aro 2019}) 11. Ne5 Bh5 12. Rc1 {[%emt 0:06:01] Black must now prevent cxd5.} Ncd7 13. Nxd7 Kxd7 14. c5 Qb4 15. Qe5 a4 16. Rc2 Qa5 17. e4 Qc7 18. Qd4 {[%emt 0:00:56] e5 is the strong threat.} Ke7 (18... e5 $14 19. Qe3 Ke7) 19. O-O {[%emt 0:09:36] And now e5 would win.} e5 20. Qb4 {[%emt 0:07:11] Hoping for exd5.} dxe4 (20... Be2 $2 21. exd5 $1 Nxd5 22. Bxd5 Bxd3 23. Be4 (23. Qh4+ Kf8 $16) 23... Bxf1 24. Kxf1 $18 (24. Nxf1 g6 $16)) 21. Nxe4 Nxe4 22. Bxe4 Qd7 (22... Rhd8 $14) 23. Bxc6 bxc6 $14 24. Qh4+ f6 25. Qxh5 Qxd3 26. Rc3 Qb5 ({Black should play} 26... g6 $14 27. Qxe5+ (27. Rxd3 gxh5 28. Rd6 Rhb8 $14) 27... fxe5 28. Rxd3 Rhb8) 27. Qg4 $16 {[%emt 0:01:42] Black is on the road to losing.} g6 28. b3 (28. Rd1 $6 Rad8 $11) 28... Rhd8 (28... Rhf8 $142) 29. Qh4 $1 h5 30. Rf3 $36 {[%emt 0:00:44][%mdl 2048] Keeping Black busy.} Rf8 {[%emt 0:00:25] [#]} 31. Qe4 $1 Qxc5 (31... axb3 $2 32. Rxb3 Qxc5 33. Qxg6) (31... Rg8 $16 {is a better defense.}) 32. Qxg6 $18 axb3 (32... Rad8 $142 33. bxa4 Qc4) 33. axb3 Qd5 34. Rd3 (34. Qxh5 Rh8 35. Qg4 Rag8) 34... Qf7 35. Qe4 (35. Qf5 Rfd8 $16) 35... Rfd8 36. Rfd1 ({Less strong is} 36. Qxc6 Rxd3 37. Qxa8 Qxb3 $14) 36... Rxd3 37. Qxd3 {[%emt 0:00:47][%mdl 4096] Endgame White wants to mate with Qd6+. KQR-KQR} Ke8 (37... Kf8 {was necessary.} 38. Qd6+ Kg7) 38. Qd6 Rc8 39. Rc1 Qe7 40. Qd1 ({Don't take} 40. Rxc6 $6 Qxd6 41. Rxd6 Rc1+ 42. Kg2 Kf7 $16) 40... Qf7 (40... Qh7 $16 41. b4 Qf5) 41. b4 Rc7 42. Qf3 Kd7 43. Rc5 {[%emt 0:03:59] Threatens to win with Rxe5.} h4 (43... Kd6 $142 44. h4 Qg6) 44. Rxe5 hxg3 (44... Kd8 $142) 45. hxg3 Kc8 46. Qf5+ Kb7 47. Re6 {[%emt 0:01:59] Strongly threatening b5.} Re7 48. Rxf6 Qc4 49. Qc5 ({Not} 49. Rf8 Qd5 50. Rb8+ Kc7 51. Rc8+ Kb6 52. Qxd5 cxd5 $18) 49... Qe4 (49... Re1+ $142 50. Kh2 Qxc5 51. bxc5 Re5) 50. b5 Qe1+ 51. Kg2 Qe4+ {[%emt 0:00:08] [#]} 52. Rf3 $1 cxb5 53. Qxb5+ Ka8 54. Qd3 Qb7 55. Qa3+ (55. Kh2 $142 Re8 56. Qa3+ Qa7 57. Qb4 Rc8 58. Ra3 Qxa3 59. Qxa3+ Kb7 60. g4) 55... Kb8 56. Qb3 {[%emt 0:00:06] Weighted Error Value: White=0.16 (very precise) /Black=0.43} 1-0